 Dungeon Crawl Stone Soup version 0.30.1-9-gdf580d7c3d (webtiles) character file.

Game seed: 8083219593360729276

464 Dillybarz the Chopper (level 6, -5/56 HPs)
             Began as a Minotaur Fighter on Oct 23, 2023.
             Slain by a water moccasin (7 damage)
             ... on level 4 of the Dungeon on Oct 24, 2023.
             The game lasted 00:10:10 (2760 turns).

Dillybarz the Chopper (Minotaur Fighter)            Turns: 2760, Time: 00:10:10

Health: -5/56      AC:  9    Str: 22    XL:     6   Next: 80%
Magic:  5/5        EV:  9    Int:  5    God:
Gold:   264        SH:  5    Dex: 10    Spells: 5/5 levels left

rFire   . . .        a - +0 war axe
rCold   . . .        c - +0 buckler
rNeg    . . .        b - +0 scale mail
rPois   .            (helmet restricted)
rElec   .            (no cloak)
rCorr   .            k - +1 pair of gloves
SInv    .            (no boots)
Will    .....        (no amulet) Stlth
                     (no ring)
HPRegen 0.29/turn    (no ring)
MPRegen 0.09/turn

%: no passive effects
@: lethally poisoned (-5 -> -24)
A: horns 2, retaliatory headbutt
a: no special abilities


You were on level 4 of the Dungeon.
You visited 1 branch of the dungeon, and saw 4 of its levels.

You collected 264 gold pieces.

Inventory:

Hand Weapons
 a - a +0 war axe (weapon)
Missiles
 f - 3 poisoned darts
 g - 3 throwing nets
 j - 39 stones (quivered)
 r - a boomerang
Armour
 b - a +0 scale mail (worn)
 c - a +0 buckler (worn)
 k - a +1 pair of gloves (worn)
Jewellery
 i - a ring of willpower
Scrolls
 l - 3 scrolls of enchant armour
 n - a scroll of magic mapping
Potions
 d - 2 potions of might
 e - 2 potions of resistance
 h - a potion of brilliance
 m - a potion of cancellation
 o - a potion of haste {unknown}
 p - a potion of flight {unknown}
 q - a potion of heal wounds {unknown}


   Skills:
 + Level 5.2 Fighting
 * Level 5.9 Axes
 + Level 5.3 Armour
 + Level 5.1 Shields


You had 5 spell levels left.
You didn't know any spells.
Your spell library contained the following spells:

 Spells                   Type           Power      Damage    Failure   Level
 Kiss of Death            Conj/Necr      0%         2d5       85%         1
 Poisonous Vapours        Pois/Air       0%         N/A       94%         2
 Confusing Touch          Hex            0%         N/A       99%         3
 Mephitic Cloud           Conj/Pois/Air  0%         N/A       99%         3
 Dispel Undead            Necr           0%         3d6       100%        4
 Freezing Cloud           Conj/Ice/Air   0%         6-21      100%        5


Dungeon Overview and Level Annotations

Branches:
Dungeon (4/15)
 Temple: D:4-7

Altars:
Makhleb


Innate Abilities, Weirdness & Mutations

You have a pair of horns on your head.
You reflexively headbutt those who attack you in melee.


Message History

You are more poisoned.
The water moccasin poisons you! Something hits you but does no damage.
You barely miss the water moccasin.
Your headbutt misses the water moccasin.
The water moccasin is heavily wounded.
You miss something.
You feel very sick. The water moccasin barely misses you.
You block the water moccasin's attack.
You hear some strange, mumbled words.
A magic dart appears from out of thin air!
The magic dart hits you.
You closely miss the water moccasin.
Your headbutt misses the water moccasin.
The water moccasin is heavily wounded.
You hit something.
Reactivating autopickup.
You feel a bit more experienced.
You hit the orc but do no damage.
You feel very sick. The water moccasin bites you.
* * * LOW HITPOINT WARNING * * *
The orc barely misses you.
You slash the water moccasin!
The water moccasin is almost dead.
You barely miss the orc.
* * * LOW HITPOINT WARNING * * *
You feel very sick. The water moccasin misses you.
The orc hits you but does no damage. The water moccasin bites you.
* * * LOW HITPOINT WARNING * * *
You closely miss the water moccasin.
You headbutt the water moccasin, but do no damage.
The water moccasin is almost dead.
You slash the orc!
You kill the orc!
* * * LOW HITPOINT WARNING * * *
You feel sick. The water moccasin bites you.
* * * LOW HITPOINT WARNING * * *
You are more poisoned.
The water moccasin poisons you! The water moccasin bites you!
You die...

~*,* #.** *##.***,,~,,,,*
*,* ,*,* #..*
#..*********~* *,* ~*,*
*#.##*#..,,,,,,,,*,* *,*
,*,* *...##.#*********~*
*** ,*,*
**#..#$####,~~~~~,* ~*,*
*** *#......#********
**,****,*#####......# *~,~*
*,,,,,,,......))...####****
##,,,,,,,....##S@.......,,*
.#,,#****##.,*#.........,,*
.#*.# #.,*#..♣._.♣.#,**
.##.# #..*#........#,*
....#***###..##.#####..?,*
..#.#*~.~##..#..# *###**
....#######....###
.................#
.^...........#.###


You could see a water moccasin.

Vanquished Creatures
  Grinder (D:3)
  An ogre (D:4)
  A scorpion (D:4)
  A jelly (D:4)
  An orc wizard (D:4)
  2 adders
  3 worms
  2 dart slugs (D:3)
  6 orcs
  4 ball pythons
  4 endoplasms
  3 giant cockroaches (D:2)
  5 goblins
  6 hobgoblins
  5 jackals
  6 kobolds
  A quokka (D:2)
  4 bats
  4 frilled lizards
  3 rats
63 creatures vanquished.

Notes
Turn   | Place    | Note
-------+----------+-------------------------------------------
     0 | D:1      | Dillybarz the Minotaur Fighter began the quest for the Orb.
     0 | D:1      | Reached XP level 1. HP: 19/19 MP: 0/0
   652 | D:2      | Reached XP level 2. HP: 27/27 MP: 1/1
  1227 | D:2      | Reached XP level 3. HP: 33/33 MP: 2/2
  1466 | D:3      | Noticed Grinder
  1507 | D:3      | Paralysed by Grinder for 4 turns
  1518 | D:3      | Killed Grinder
  1519 | D:3      | Reached XP level 4. HP: 17/41 MP: 3/3
  1519 | D:3      | Reached XP level 5. HP: 20/47 MP: 4/4
  1734 | D:3      | Reached skill level 5 in Axes
  2430 | D:4      | Reached XP level 6. HP: 49/55 MP: 5/5
  2490 | D:4      | Reached skill level 5 in Fighting
  2490 | D:4      | Reached skill level 5 in Armour
  2490 | D:4      | Reached skill level 5 in Shields
  2740 | D:4      | Found a burning altar of Makhleb.
  2749 | D:4      | Noticed a water moccasin
  2760 | D:4      | HP: 2/56 [water moccasin (4)]
  2760 | D:4      | Slain by a water moccasin

Illustrated notes

Levels and vault maps discovered:
D:1:      sevenhm_arrival_forest_fort_small_3, layout_loops_ring
D:2:      layout_basic, dreamdust_wishing_well, serial_bayou_pond_e,
          minivault_23
D:3:      layout_loops_ring, uniq_grinder
D:4:      layout_rooms, mainiacjoe_overflow_tiny_flanked, serial_aquarium,
          aquarium_bridge_square [aquarium_subvault_bridge,
          aquarium_subvault_wall, aquarium_subvault_window,
          aquarium_subvault_wall], aquarium_bridge_square
          [aquarium_subvault_bridge, aquarium_subvault_balcony,
          aquarium_subvault_wall, aquarium_subvault_window],
          aquarium_window_fake, aquarium_window_3, aquarium_window_fake,
          aquarium_view_2c, aquarium_view_2b, aquarium_pool_2

Skill      XL: |  1  2  3  4  5  6 |
---------------+-------------------+-----
Axes           | 3 4 5 |  5.9
Armour         | 4 5 |  5.3
Fighting       | 4 5 |  5.2
Shields        | 4 5 |  5.1

Action                     |  1- 3 |  4- 6 || total
---------------------------+-------+-------++-------
  Melee: War axe           |    78 |    76 ||   154
         Headbutt          |    12 |    16 ||    28
  Throw: Throwing net      |     3 |       ||     3
         Stone             |     1 |       ||     1
    Use: Scroll            |     6 |     1 ||     7
 Armour: Scale mail        |    38 |    37 ||    75
  Dodge: Dodged            |    32 |    32 ||    64
  Block: Buckler           |    12 |    20 ||    32
